 Dungeon Crawl Stone Soup version 0.26-a0-651-gb41185065b (webtiles) character file.

Game seed: 11574679599226003928

13 Ozzies the Skirmisher (level 2, 0/20 HPs)
             Began as a Gargoyle Fighter on Oct 7, 2020.
             Slain by a gnoll
             ... wielding a +0 spear
              (5 damage)
             ... on level 1 of the Dungeon.
             The game lasted 00:00:17 (184 turns).

Ozzies the Skirmisher (Gargoyle Fighter)             Turns: 184, Time: 00:00:18

Health: 0/20       AC:  9    Str: 19    XL:     2   Next: 37%
Magic:  2/2        EV:  7    Int:  8    God:
Gold:   35         SH:  9    Dex:  9    Spells: 1/1 levels left

rFire    . . .     SeeInvis .   a - +0 flail
rCold    . . .     Faith    .   c - +0 kite shield
rNeg     + . .     Spirit   .   b - +0 scale mail
rPois    ∞         Reflect  .   (no helmet)
rElec    +         Harm     .   (no cloak)
rCorr    .         Rampage  .   (no gloves)
MR       .....                  (no boots)
Stlth    ..........             (no amulet)
HPRegen  0.06/turn              (no ring)
MPRegen  0.08/turn              (no ring)

@: no status effects
A: negative energy resistance 1, electricity resistance, unbreathing,
petrification resistance, rot immunity, AC +2
a: no special abilities


You were on level 1 of the Dungeon.
You visited 1 branch of the dungeon, and saw 1 of its levels.

You collected 35 gold pieces.

Inventory:

Hand Weapons
 a - a +0 flail (weapon)
Armour
 b - a +0 scale mail (worn)
 c - a +0 kite shield (worn)
Scrolls
 f - a scroll of identify {unknown}
Potions
 d - a potion of might {@q3 !q}
 e - 2 potions of curing {unknown}
 g - a potion of haste {unknown}


   Skills:
 + Level 4.1 Fighting
 - Level 2.0 Maces & Flails
 - Level 3.2 Armour
 - Level 3.2 Shields


You had one spell level left.
You didn't know any spells.
Your spell library was empty.

Dungeon Overview and Level Annotations

Branches:
Dungeon (1/15)

Altars:


Innate Abilities, Weirdness & Mutations

You are resistant to torment.
Your stone body is resilient. (AC +2)
You are immune to poison.
You resist negative energy. (rN+)
You are resistant to electric shocks. (rElec)
You can survive without breathing.
You are immune to petrification.
You are immune to rotting.


Message History

The giant cockroach bites you but does no damage.
A rat comes into view. x2
The kobold throws a stone.
The stone hits you but does no damage.
You closely miss the giant cockroach.
The giant cockroach is heavily wounded.
You block the giant cockroach's attack. You block the gnoll's attack.
The giant cockroach bites you but does no damage.
You sock the giant cockroach!
You kill the giant cockroach!
The gnoll hits you but does no damage. You block the kobold's attack.
A rat comes into view.
The gnoll completely misses you. You block the kobold's attack.
You closely miss the kobold. You block the kobold's attack.
The gnoll hits you but does no damage.
You barely miss the kobold. You block the rat's attack.
The gnoll hits you but does no damage. You block the kobold's attack.
The rat bites you.
You closely miss the kobold. You block the gnoll's attack.
The kobold hits you but does no damage.
The rat twitches its whiskers.
The rat bites you but does no damage. The gnoll hits you but does no damage.
The kobold barely misses you.
You barely miss the kobold. You block the rat's attack.
The gnoll hits you but does no damage. The kobold hits you.
You miss the kobold. The rat bites you but does no damage.
You block the gnoll's attack. The kobold hits you but does no damage.
The rat bites you.
You hit the kobold.
The kobold is severely wounded.
The kobold hits you but does no damage. The gnoll closely misses you.
You block the rat's attack.
The gnoll hits you from afar with a +0 spear.
The kobold hits you but does no damage.
You are too injured to fight recklessly!
You are too injured to fight recklessly!
You are too injured to fight recklessly!
You are too injured to fight recklessly!
You are too injured to fight recklessly!
You are too injured to fight recklessly!
You are too injured to fight recklessly!
You are too injured to fight recklessly!
You are too injured to fight recklessly!
You are too injured to fight recklessly!
You are too injured to fight recklessly!
You are too injured to fight recklessly!
You are too injured to fight recklessly!
You are too injured to fight recklessly!
You are too injured to fight recklessly!
You are too injured to fight recklessly!
You are too injured to fight recklessly!
You hit the rat but do no damage. The rat bites you but does no damage.
You hit the rat but do no damage. You block the rat's attack.
The rat barely misses you.
You sock the rat!
You kill the rat!
You block the gnoll's attack.
The kobold throws a stone.
You block the stone. The gnoll barely misses you.
You miss the kobold.
The kobold is severely wounded.
You block the kobold's attack. The gnoll hits you but does no damage.
You completely miss the kobold.
The kobold is severely wounded.
You block the kobold's attack.
The gnoll hits you from afar with a +0 spear.
You completely miss the kobold.
The kobold is severely wounded.
You block the kobold's attack. You block the gnoll's attack.
The kobold hits you. The gnoll hits you but does no damage.
You barely miss the kobold.
The kobold is moderately wounded.
You block the kobold's attack. You block the gnoll's attack.
You closely miss the kobold.
The kobold is moderately wounded.
The kobold barely misses you. You block the gnoll's attack.
The kobold hits you but does no damage.
You thump the kobold!
You kill the kobold!
The gnoll hits you from afar with a +0 spear.
You block the gnoll's attack.
You sock the rat!
You kill the rat!
You block the gnoll's attack.
You barely miss the rat. The gnoll hits you but does no damage.
The rat bites you but does no damage. You block the gnoll's attack.
You block the rat's attack.
You hit the rat.
The rat is moderately wounded.
You block the gnoll's attack. You block the rat's attack.
Your shield prevents you from hitting the rat.
The rat is moderately wounded.
You block the gnoll's attack. The rat bites you.
* * * LOW HITPOINT WARNING * * *
You hit the rat.
You kill the rat!
You block the gnoll's attack. x2
The gnoll hits you but does no damage.
Things that are here:
3 stones; a rat corpse The gnoll hits you with a +0 spear.
You die...

### ### #. ... ...
#.. ..# #.. ..
#..###.# #.# ##.#
#....#.# #.# #..##
#....#.# #.# #...
#....#.####.####g##
>..............(@.#
........###.#.###.$#
........###.#.# .##
.....#......#.# .$
.....########.# .#.
.#............# ##.#
.###########..# . .#
##....# .. .##
##.....##


You could see a gnoll.

Vanquished Creatures
  A dart slug (D:1)
  2 bats (D:1)
  A giant cockroach (D:1)
  2 hobgoblins (D:1)
  A kobold (D:1)
  4 rats (D:1)
11 creatures vanquished.

Notes
Turn   | Place    | Note
-------+----------+-------------------------------------------
     0 | D:1      | Ozzies the Gargoyle Fighter began the quest for the Orb.
     0 | D:1      | Reached XP level 1. HP: 14/14 MP: 1/1
   111 | D:1      | Reached XP level 2. HP: 20/20 MP: 2/2
   130 | D:1      | Reached skill level 4 in Fighting
   184 | D:1      | Slain by a gnoll

Illustrated notes

Levels and vault maps discovered:
D:1:      eino_arrival_cavern_a, layout_loops_ring, minmay_tall_x

Skill      XL: |  1  2 |
---------------+-------+-----
Fighting       | 4 |  4.1
Maces & Flails | |  2.0
Armour         | |  3.2
Shields        | |  3.2

Action                   || total
-------------------------++-------
Melee: Flail             ||    31
Armor: Scale mail        ||    25
Dodge: Dodged            ||    11
Block: Kite shield       ||    35

Table legend: (Time is in decaauts)
 A = Elapsed time spent in this place.
 B = Non-inter-level travel time spent in this place.
 C = Inter-level travel time spent in this place.
 D = Time resting spent in this place.
 E = Time spent auto-exploring this place.
 F = Levels seen in this place.
 G = Mean time per level.
                   A        B        C        D        E       F      G
               +--------+--------+--------+--------+--------+-----+--------+
         Total |    195 |    195 |      0 |      0 |    129 |   1 |  195.0 |
       Dungeon |    195 |    195 |      0 |      0 |    129 |   1 |  195.0 |
               +--------+--------+--------+--------+--------+-----+--------+

Top non-repeatable levels by time:
     D:1: 195 daAuts
